Cogmind - Beta 10.2 *** ADVENTURER MODE // 2021.08.05 @ 01:08:56 Player: soymachine Result: Destroyed by H-88 Terminator with KE Penetrator Performance ------------- Evolutions (8) 4000 Regions Visited (12) 2400 Robots Destroyed (121) 605 Value Destroyed (5144) 5144 Prototype IDs (7) 140 Alien Tech Used (0) 0 Bonus (-171) -171 TOTAL SCORE: 12118 Bonus ------- Follower Combat Kills 48 Friendly Fire -219 Cogmind --------- Core Integrity 0/1450 Matter 15/300 Energy 98/100 System Corruption 1% Temperature Cool (0) Movement Core (50) Location -2/Research Parts ------- > --- POWER (2) -------- (None) > --- PROPULSION (6) --- (None) > --- UTILITY (12) ----- Enhanced Optical Array Advanced Signal Interpreter Improved Target Analyzer > --- WEAPON (3) ------- (None) > --- INVENTORY (4) ---- Large Storage Unit Point Defense Array Improved Hacking Suite Advanced Remote Datajack Peak State ------------ > --- POWER ------------ Micro Fission Core Light Antimatter Reactor > --- PROPULSION ------- Flexi-carbon Leg Flexi-carbon Leg Myomer Leg Myomer Leg Myomer Leg > --- UTILITY ---------- Advanced Cooling System High-capacity Storage Unit Enhanced Optical Array Advanced Sensor Array Advanced Signal Interpreter Improved Melee Analysis Suite Improved Target Analyzer Improved Cloaking Device Advanced Force Field Advanced Hacking Suite System Backup Module > --- WEAPON ----------- Heavy Gauss Cannon Heavy Gauss Cannon > --- INVENTORY -------- Advanced Heat Sink Large Storage Unit Improved Phase Shifter Gamma Rifle Phase Gun Quantum Rifle Matter Neutralizer KE Penetrator Enhanced Gauss Cannon Advanced Remote Datajack Great Axe Falx [Rating: 116] Favorites ----------- Power Micro Fission Core Engine Reinforced Deuterium Engine Power Core Micro Fission Core Reactor Light Antimatter Reactor Propulsion Light Treads Treads Light Treads Leg Flexi-carbon Leg Hover Unit Improved Hover Unit Flight Unit Field Propulsion Drive Utility Advanced Signal Interpreter Device Improved Heat Sink Storage Large Storage Unit Processor Advanced Signal Interpreter Hackware Advanced Hacking Suite Protection Layered Light Armor Plating Weapon Arc Projector Energy Gun Arc Projector Energy Cannon HERF Cannon Ballistic Gun Railgun Ballistic Cannon Heavy Gauss Cannon Launcher EMP Blaster Special Weapon Improved Remote Datajack Slashing Weapon Scythe Special Melee Weapon Improved Datajack Build | -11 -10 -9 -8 -7 -7 -7 -6 -5 -4 -4 -3 -2 ------- Run | Scr Mat Mat Mat Fac Low Low Fac Fac Fac Ext Res Res Slots Evolved 16 | . . 2 2 2 . . 2 2 2 . 2 2 Power 1 | . . . . . . . . . 1 . . . Propulsion 4 | . . . 2 . . . . 1 . . 1 . Utility 10 | . . 2 . 2 . . 2 1 1 . 1 1 Weapon 1 | . . . . . . . . . . . . 1 Parts Attached 149 | . 5 5 5 16 10 1 27 25 16 28 11 . Power 18 | . . 2 . 2 . . 4 2 4 4 . . Engine 5 | . . 1 . 2 . . 1 . 1 . . . Core 9 | . . 1 . . . . 3 2 2 1 . . Reactor 4 | . . . . . . . . . 1 3 . . Propulsion 38 | . 2 . 2 5 3 . 8 7 1 7 3 . Treads 11 | . 2 . 1 5 3 . . . . . . . Leg 20 | . . . 1 . . . 2 7 1 7 2 . Wheel . | . . . . . . . . . . . . . Hover 2 | . . . . . . . 2 . . . . . Flight 5 | . . . . . . . 4 . . . 1 . Utility 40 | . 2 2 1 3 3 . 6 8 3 8 4 . Device 20 | . . 1 1 1 1 . 1 4 2 6 3 . Storage 2 | . 1 . . . . . . . 1 . . . Processor 12 | . 1 . . 1 2 . 3 3 . 2 . . Hackware 4 | . . 1 . . . . 1 1 . . 1 . Protection 2 | . . . . 1 . . 1 . . . . . Artifact . | . . . . . . . . . . . . . Weapon 53 | . 1 1 2 6 4 1 9 8 8 9 4 . Energy Gun 14 | . 1 . 1 4 2 . 2 2 1 . 1 . Energy Cannon 8 | . . . . 1 . . 2 1 2 2 . . Ballistic Gun 8 | . . 1 . 1 . . . 1 2 3 . . Ballistic Cannon 11 | . . . 1 . . . 2 2 2 3 1 . Launcher 3 | . . . . . 1 . 2 . . . . . Special Weapon 1 | . . . . . . . . . . 1 . . Impact Weapon . | . . . . . . . . . . . . . Slashing Weapon 7 | . . . . . 1 . 1 2 1 . 2 . Piercing Weapon . | . . . . . . . . . . . . . Special Melee Weapon 1 | . . . . . . 1 . . . . . . Unidentified Prototypes 4 | . . . 1 1 . . . 1 . 1 . . Parts Lost 64 | . . . . 3 1 2 17 9 3 15 11 3 Power 8 | . . . . . . . 4 . 1 2 1 . Propulsion 26 | . . . . 1 1 1 3 5 2 7 5 1 Utility 18 | . . . . 2 . . 4 4 . 3 3 2 Weapon 12 | . . . . . . 1 6 . . 3 2 . Highest Loss Streak 10 | . . . . 3 1 2 6 5 2 5 10 3 Average Slot Usage (%) 80 | . 91 85 90 79 93 97 72 83 76 84 75 25 Engine 2 | . 14 7 . 5 7 7 1 . 1 . . . Core 3 | . . 3 9 1 . . 2 4 6 5 3 . Treads 10 | . 4 22 27 26 30 29 3 . . . . . Leg 9 | . 23 . . . . . 4 21 19 16 15 . Device 9 | . . 7 9 6 9 15 6 10 5 13 16 . Storage 5 | . 14 11 9 7 7 7 6 5 5 5 3 . Processor 19 | . 6 11 9 7 17 23 26 27 21 22 18 13 Hackware 3 | . . 1 9 4 . . 3 . 5 5 4 7 Protection 1 | . . . . 2 3 . 1 . . . . . Energy Gun 4 | . 14 11 9 14 10 5 1 1 . . . . Energy Cannon 1 | . . . . . . . 2 1 1 4 . . Ballistic Gun 2 | . 14 11 . . 2 . . 2 3 3 . . Ballistic Cannon 2 | . . . 8 . . . 4 2 3 . 7 . Naked Turns . | . . . . . . . . . . . . . Heaviest Build 91 | 12 24 29 28 44 44 41 44 40 61 77 91 . Greatest Support 115 | 20 40 40 60 84 92 92 72 70 70 100 115 9 Greatest Overweight (x) 12 | . . . . 1 . . 12 1 1 1 2 . Average Overweight (x) . | . . . . . . . 1 . . . . . Largest Inventory Capacity 18 | . 10 10 10 10 10 10 10 10 18 12 12 4 Average Capacity 9 | . 6 10 10 10 10 10 10 10 10 12 10 4 Most Carried 12 | . 6 9 10 10 10 10 10 10 12 12 12 4 Average Carried 9 | . 5 5 8 7 9 10 8 9 9 11 9 4 Final Capacity 12 | 6 10 10 10 10 10 10 10 10 12 12 4 4 Final Carried 12 | 6 4 8 9 10 10 10 9 10 12 12 4 4 Class Distribution -------------------- 41% | Scavenger-Mutant 29% | Hacker-Mutant 17% | Scavenger-Skirmisher 6% | Mutant 3% | Hacker-Skirmisher Dominant Class ---------------- Mutant | -10/Materials Mutant | -9/Materials Hacker-Mutant | -8/Materials Hacker-Mutant | -7/Factory Scavenger-Mutant | -7/Lower Caves Scavenger-Mutant | -7/Lower Caves Hacker-Mutant | -6/Factory Scavenger-Skirmisher | -5/Factory Hacker-Mutant | -4/Factory Scavenger-Mutant | -4/Extension Scavenger-Skirmisher | -3/Research Hacker-Mutant | -2/Research Resources | -11 -10 -9 -8 -7 -7 -7 -6 -5 -4 -4 -3 -2 ----------- Run | Scr Mat Mat Mat Fac Low Low Fac Fac Fac Ext Res Res Matter Collected 3286 | 181 22 164 86 140 293 10 403 836 318 594 239 . Remotely . | . . . . . . . . . . . . . Salvage Created 5651 | . 48 446 135 523 361 . 761 1456 418 1130 373 . Parts 234 | . 5 33 8 23 11 . 34 56 15 27 22 . Haulers Intercepted 1 | . . . . . . . . . . . 1 . Recyclers Shooed 7 | . . . . 1 . . 2 4 . . . . Parts Field Recycled . | . . . . . . . . . . . . . Retrieved Matter . | . . . . . . . . . . . . . Parts Self-Destructed 8 | . . . . . 8 . . . . . . . Prevented 3 | . . . . . 3 . . . . . . . Kills | -11 -10 -9 -8 -7 -7 -7 -6 -5 -4 -4 -3 -2 ------- Run | Scr Mat Mat Mat Fac Low Low Fac Fac Fac Ext Res Res Combat Hostiles Destroyed 88 | . 3 11 2 3 7 . 20 18 5 13 6 . Melee 10 | . . . . . . . 1 9 . . . . Guns 31 | . 3 11 1 1 5 . . 5 . 5 . . Cannons 36 | . . . 1 . . . 16 4 1 8 6 . AOE 4 | . . . . 1 1 . 2 . . . . . Classes Destroyed 15 | . 1 4 1 3 1 . 1 2 . 1 1 . Worker 4 | . . . . . . . . 3 . 1 . . Builder 4 | . . 1 . 1 . . 1 1 . . . . Tunneler 1 | . . . . . . . . 1 . . . . Hauler 1 | . . . . . . . . . . . 1 . Recycler 9 | . . . . 4 . . 1 4 . . . . Operator 4 | . . 1 . . . . 1 . 1 1 . . Watcher 9 | . . . 3 . . . 1 1 2 2 . . Swarmer 17 | . 3 3 . . . . 7 4 . . . . Grunt 36 | . . 6 1 1 5 . 7 6 2 5 3 . Brawler 1 | . . . . 1 . . . . . . . . Duelist 3 | . . . . 1 1 . . 1 . . . . Sentry 11 | . . 2 1 . . . 2 2 3 1 . . Hunter 8 | . . . . . 1 . 2 1 . 4 . . Programmer 10 | . . . . . . . 2 4 . 1 3 . Behemoth 2 | . . . . . . . . . . 2 . . Butcher 1 | . . . . . . . . . . 1 . . Best Kill Streak 6 | . 3 4 2 3 2 . 6 5 3 5 4 . Combat Bots Only 4 | . 3 4 1 1 2 . 4 4 3 4 4 . Max Kills in Single Turn 2 | . 2 1 1 1 1 . 2 2 1 2 1 . Gunslinging 1 | . 1 . . . . . . . . . . . Exploded 1 | . . . . 1 1 . 1 . . . . . Melee 1 | . . . . . . . 1 1 . . . . Uniques/NPCs Destroyed . | . . . . . . . . . . . . . Combat | -11 -10 -9 -8 -7 -7 -7 -6 -5 -4 -4 -3 -2 -------- Run | Scr Mat Mat Mat Fac Low Low Fac Fac Fac Ext Res Res Damage Taken 10943 | . 23 323 23 282 611 239 1988 1348 651 2012 1922 1521 Core 3270 | . 12 57 . . 21 13 500 157 114 273 670 1453 Absorbed by Shields 255 | . . . . . . . . . . . 255 . Core Remaining (%) 79 | 100 95 85 100 . . 95 41 84 . 66 48 . Volleys Fired 313 | . 3 24 11 16 30 . 68 39 29 59 34 . Largest 2 | . 2 2 2 2 2 . 2 2 2 2 2 . Hottest 193 | . 70 63 100 110 80 . 123 156 146 193 122 . Shots Fired 593 | . 6 48 22 32 61 . 121 77 52 109 65 . Gun 289 | . 6 48 11 32 61 . 23 38 23 47 . . Cannon 291 | . . . 11 . . . 92 39 29 55 65 . Launcher 6 | . . . . . . . 6 . . . . . Special 7 | . . . . . . . . . . 7 . . Kinetic 351 | . 3 24 11 . 29 . 68 61 29 61 65 . Thermal 84 | . 3 . 11 10 1 . 27 11 . 21 . . Explosive 6 | . . . . . . . 6 . . . . . Electromagnetic 145 | . . 24 . 22 31 . 20 5 23 20 . . Robot Hit Streak 25 | . 4 24 23 12 25 . 21 22 16 23 11 . Robot Miss Streak 4 | . 1 3 2 1 2 . 2 4 4 1 2 . Penetration Max 2 | . . . . . . . . 1 . 2 . . Secondary Targets 2 | . 1 . . . 1 . . . . . . . Max Gunslinging Chain 1 | . 1 . . . 1 . . . . . . . Shots Hit Robots 527 | . 4 35 18 27 56 . 109 101 40 92 45 . Core Hits 205 | . 3 22 7 12 20 . 42 43 9 35 12 . Critical Hits 52 | . . 1 . . 1 . 4 13 7 12 14 . Critical Kills 19 | . . . . . . . 2 5 3 5 4 . Critical Parts Destroyed 32 | . . 1 . . 1 . 2 7 4 7 10 . Melee Attacks 68 | . . . . . 5 . 11 44 . . 8 . Impact . | . . . . . . . . . . . . . Slashing 68 | . . . . . 5 . 11 44 . . 8 . Piercing . | . . . . . . . . . . . . . Sneak Attacks 4 | . . . . . . . 1 3 . . . . Combat Hostiles . | . . . . . . . . . . . . . Follow-up Attacks 2 | . . . . . . . . . . . 2 . Damage Inflicted 16737 | . 44 565 378 493 1097 . 3802 4122 1344 3137 1755 . Guns 5072 | . 44 519 200 413 973 . 405 866 424 1228 . . Cannons 7669 | . . . 178 . . . 2087 1090 920 1909 1485 . Explosions 1325 | . . 46 . 80 124 . 901 174 . . . . Melee 2666 | . . . . . . . 404 1992 . . 270 . Ramming 5 | . . . . . . . 5 . . . . . Kinetic 7964 | . 18 240 178 . 604 . 1484 1587 652 1716 1485 . Thermal 2905 | . 26 46 200 232 124 . 1224 369 . 684 . . Explosive 268 | . . . . . . . 268 . . . . . Electromagnetic 2929 | . . 279 . 261 369 . 417 174 692 737 . . Impact . | . . . . . . . . . . . . . Slashing 2666 | . . . . . . . 404 1992 . . 270 . Piercing . | . . . . . . . . . . . . . Highest Corruption 14 | . . . . 5 5 5 1 5 . . 14 1 Average Corruption 3 | . . . . 4 5 5 1 2 . . 9 1 Corruption Purged . | . . . . . . . . . . . . . Effects 78 | . . . . 7 31 3 3 18 . . 16 . Message Errors 17 | . . . . 2 7 1 . 4 . . 3 . Matter Fused 18 | . . . . 1 8 1 . 3 . . 5 . Heat Flow Errors 6 | . . . . . 3 . . 1 . . 2 . Energy Discharges 9 | . . . . 1 1 1 1 4 . . 1 . Parts Rejected 1 | . . . . . . . . . . . 1 . Data Loss (minor) 10 | . . . . 2 4 . 1 3 . . . . Data Loss (major) 6 | . . . . 1 5 . . . . . . . Misfires 3 | . . . . . 2 . . . . . 1 . Misdirections 1 | . . . . . . . . . . . 1 . Targeting Errors 5 | . . . . . 1 . 1 2 . . 1 . Weapon Failures 2 | . . . . . . . . 1 . . 1 . Overload Shots . | . . . . . . . . . . . . . Overflow Damage 620 | . . . . 10 . . 243 243 10 34 80 . Projectiles 219 | . . . . . . . 76 52 10 34 47 . Explosions 104 | . . . . 10 . . 83 11 . . . . Melee 297 | . . . . . . . 84 180 . . 33 . Knockbacks 39 | . . . 5 . . . 14 8 . . 12 . Impact . | . . . . . . . . . . . . . Kinetic 36 | . . . 5 . . . 13 7 . . 11 . Secondary 3 | . . . . . . . 1 1 . . 1 . Self-Inflicted Damage 198 | . . . . . . . 163 35 . . . . Shots 5 | . . . . . . . 4 1 . . . . Rammed . | . . . . . . . . . . . . . Targets Rammed 1 | . . . . . . . 1 . . . . . Kicked 1 | . . . . . . . 1 . . . . . Crushed . | . . . . . . . . . . . . . Highest Temperature 374 | . 50 25 126 51 205 . 37 183 374 39 243 . Average Temperature 41 | . 26 11 37 18 38 . 8 59 75 23 62 . Received Heat Transfer 2181 | . . 165 18 . 306 45 753 357 222 156 42 117 Effects 2 | . . . . . . . . . 2 . . . Shutdowns 2 | . . . . . . . . . 2 . . . Siege Activations . | . . . . . . . . . . . . . Robots Corrupted 9 | . . . . 1 1 . 2 1 4 . . . Combat Hostiles 7 | . . . . 1 1 . 1 . 4 . . . Parts Fried 17 | . . . . 1 2 . 2 3 7 2 . . Impact Corruptions 1 | . . . . . . . . 1 . . . . Robots Melted . | . . . . . . . . . . . . . Combat Hostiles . | . . . . . . . . . . . . . Parts Melted 3 | . . . 1 . . . 1 1 . . . . Heat Transferred 3631 | . 74 50 370 396 150 . 1338 550 . 703 . . Parts Sabotaged . | . . . . . . . . . . . . . Parts Stolen . | . . . . . . . . . . . . . Parts Stripped . | . . . . . . . . . . . . . Power Chain Reactions 6 | . . 1 . 2 1 . . 2 . . . . Missiles Intercepted . | . . . . . . . . . . . . . Alert | -11 -10 -9 -8 -7 -7 -7 -6 -5 -4 -4 -3 -2 ------- Run | Scr Mat Mat Mat Fac Low Low Fac Fac Fac Ext Res Res Peak Influence 636 | . 70 315 215 93 . . 365 351 223 242 299 636 Initial 146 | . . 25 113 83 . . . 91 55 54 65 146 Average 129 | . 48 158 171 48 . . 177 183 100 65 83 268 Maximum Alert Level 2 | . . 1 1 . . . 1 1 1 1 1 2 Low Security (%) 78 | . 100 55 76 100 . . 53 67 97 98 92 50 Level 1 20 | . . 44 23 . . . 46 32 2 1 7 35 Level 2 . | . . . . . . . . . . . . 14 Level 3 . | . . . . . . . . . . . . . Level 4 . | . . . . . . . . . . . . . Level 5 . | . . . . . . . . . . . . . High Security . | . . . . . . . . . . . . . Max Security . | . . . . . . . . . . . . . Squads Dispatched 24 | . . 2 . 2 . 1 8 5 . 2 3 1 Investigation 4 | . . 1 . 1 . . 1 1 . . . . Extermination 8 | . . . . 1 . . 2 2 . . 2 1 Reinforcement 10 | . . 1 . . . . 5 1 . 2 1 . Assault 1 | . . . . . . 1 . . . . . . Garrison 1 | . . . . . . . . 1 . . . . Intercept . | . . . . . . . . . . . . . Construction Impeded 3 | . . . . . . . 2 . . 1 . . Haulers Reinforced . | . . . . . . . . . . . . . Stealth | -11 -10 -9 -8 -7 -7 -7 -6 -5 -4 -4 -3 -2 --------- Run | Scr Mat Mat Mat Fac Low Low Fac Fac Fac Ext Res Res Distress Signals 11 | . . 1 2 1 . . 3 . . 1 2 1 Communications Jammed 7 | . . . . . . . . . 7 . . . Distress Signals 7 | . . . . . . . . . 7 . . . Times Spotted 238 | . 3 17 6 6 10 12 44 27 10 22 32 49 Peak Tracking Total 24 | . 4 5 2 3 4 11 6 4 4 4 13 24 Tactical Retreats 38 | . . . . 1 2 . 9 5 1 2 10 8 Traps | -11 -10 -9 -8 -7 -7 -7 -6 -5 -4 -4 -3 -2 ------- Run | Scr Mat Mat Mat Fac Low Low Fac Fac Fac Ext Res Res Traps Triggered 6 | . . 1 . 2 . . 1 1 . 1 . . Indirectly . | . . . . . . . . . . . . . Trap Hack Attempts . | . . . . . . . . . . . . . Triggered . | . . . . . . . . . . . . . Disarmed . | . . . . . . . . . . . . . Reprogrammed . | . . . . . . . . . . . . . Reused . | . . . . . . . . . . . . . Traps Extracted . | . . . . . . . . . . . . . Installed . | . . . . . . . . . . . . . Triggered 4 | . . . . . . . 4 . . . . . Machines | -11 -10 -9 -8 -7 -7 -7 -6 -5 -4 -4 -3 -2 ---------- Run | Scr Mat Mat Mat Fac Low Low Fac Fac Fac Ext Res Res Machines Disabled 14 | . . . . . . . 9 1 . . 4 . Max in Single Turn 4 | . . . . . . . 4 1 . . 1 . Machines Sabotaged . | . . . . . . . . . . . . . Garrisons Compromised . | . . . . . . . . . . . . . Overloaded Fab Kills . | . . . . . . . . . . . . . Fab Network Shutdowns . | . . . . . . . . . . . . . Hacking | -11 -10 -9 -8 -7 -7 -7 -6 -5 -4 -4 -3 -2 --------- Run | Scr Mat Mat Mat Fac Low Low Fac Fac Fac Ext Res Res Machines Accessed 24 | . . . . 1 1 . 2 3 4 7 3 3 Terminals 12 | . . . . . . . 1 . 3 6 . 2 Fabricators 5 | . . . . 1 . . . 2 . . 1 1 Repair Stations 1 | . . . . . . . . . . . 1 . Recycling Units 5 | . . . . . . . 1 1 1 1 1 . Scanalyzers . | . . . . . . . . . . . . . Garrison Access . | . . . . . . . . . . . . . Total Hacks 41 | . . . . 4 1 . 5 6 7 9 4 5 Successful 20 | . . . . . 1 . 3 2 4 7 1 2 Failed 21 | . . . . 4 . . 2 4 3 2 3 3 Catastrophic 2 | . . . . 1 . . . . . . 1 . Database Lockouts . | . . . . . . . . . . . . . Manual 1 | . . . . . . . . . . 1 . . Terminals 19 | . . . . . . . 2 . 5 8 . 4 Fabricators 10 | . . . . 4 . . . 4 . . 1 1 Repair Stations 1 | . . . . . . . . . . . 1 . Recycling Units 10 | . . . . . . . 3 2 2 1 2 . Scanalyzers . | . . . . . . . . . . . . . Garrison Access . | . . . . . . . . . . . . . Terminal Hacks 14 | . . . . . 1 . 2 . 3 6 . 2 Prototype ID Bank 1 | . . . . . . . . . . 1 . . Open Door 6 | . . . . . 1 . . . 1 4 . . Garrison Index 1 | . . . . . . . . . 1 . . . Locate Traps 3 | . . . . . . . 1 . . 1 . 1 Transport Status 1 | . . . . . . . 1 . . . . . Registered Components 1 | . . . . . . . . . 1 . . . Zone Layout 1 | . . . . . . . . . . . . 1 Fabricator Hacks 2 | . . . . . . . . 1 . . 1 . Build 2 | . . . . . . . . 1 . . 1 . Repair Station Hacks . | . . . . . . . . . . . . . Recycling Unit Hacks 4 | . . . . . . . 1 1 1 1 . . Report Inventory 1 | . . . . . . . 1 . . . . . Retrieve Matter 1 | . . . . . . . . 1 . . . . Retrieve Components 2 | . . . . . . . . . 1 1 . . Scanalyzer . | . . . . . . . . . . . . . Garrison Access Hacks . | . . . . . . . . . . . . . Unauthorized Hacks . | . . . . . . . . . . . . . Terminals . | . . . . . . . . . . . . . Fabricators . | . . . . . . . . . . . . . Repair Stations . | . . . . . . . . . . . . . Recycling Units . | . . . . . . . . . . . . . Scanalyzers . | . . . . . . . . . . . . . Garrison Access . | . . . . . . . . . . . . . Data Cores Recovered 1 | . . . . . . . . . 1 . . . Used . | . . . . . . . . . . . . . Hacking Detections 17 | . . . . 1 . . 2 3 4 3 3 1 Full Trace Events 2 | . . . . 1 . . 1 . . . . . Feedback Events 1 | . . . . . . . 1 . . . . . Corruption 1 | . . . . . . . 1 . . . . . Feedback Blocked . | . . . . . . . . . . . . . Robot Schematics Acquired . | . . . . . . . . . . . . . Robots Built . | . . . . . . . . . . . . . Matter 384 | . . . . . . . . . . . 384 . Time 68 | . . . . . . . . . . . 68 . Total Robot Build Rating . | . . . . . . . . . . . . . Part Schematics Acquired . | . . . . . . . . . . . . . Parts Built 1 | . . . . . . . . 1 . . . . Matter 212 | . . . . . . . . 212 . . . . Time 53 | . . . . . . . . 53 . . . . Total Part Build Rating 6 | . . . . . . . . 6 . . . . Parts Repaired . | . . . . . . . . . . . . . Time . | . . . . . . . . . . . . . Parts Recycled . | . . . . . . . . . . . . . Recycled Matter . | . . . . . . . . . . . . . Retrieved Matter . | . . . . . . . . . . . . . Retrieved Components 4 | . . . . . . . . . 3 1 . . Parts Scanalyzed . | . . . . . . . . . . . . . Part Schematics Acquired . | . . . . . . . . . . . . . Parts Damaged . | . . . . . . . . . . . . . Bothacking | -11 -10 -9 -8 -7 -7 -7 -6 -5 -4 -4 -3 -2 ------------ Run | Scr Mat Mat Mat Fac Low Low Fac Fac Fac Ext Res Res Used RIF Installer . | . . . . . . . . . . . . . Robots Hacked 1 | . . . . . . . . . . 1 . . Non-combat . | . . . . . . . . . . . . . Combat 1 | . . . . . . . . . . 1 . . Robot Hacks Applied 1 | . . . . . . . . . . 1 . . parse_system 1 | . . . . . . . . . . 1 . . Relay Couplers Released . | . . . . . . . . . . . . . Robots Rewired 3 | . . . . . . . . . . 3 . . Allies Hacked . | . . . . . . . . . . . . . Hacks Repelled . | . . . . . . . . . . . . . Allies | -11 -10 -9 -8 -7 -7 -7 -6 -5 -4 -4 -3 -2 -------- Run | Scr Mat Mat Mat Fac Low Low Fac Fac Fac Ext Res Res Total Allies 7 | . . . . . . . . . . 7 . . Largest Group 7 | . . . . . . . . . . 7 . . Highest-Rated Group 286 | . . . . . . . . . . 286 . . Highest-Rated Ally 49 | . . . . . . . . . . 49 . . Total Orders . | . . . . . . . . . . . . . Ally Attacks 30 | . . . . . . . . . . 30 . . Total Damage 1086 | . . . . . . . . . . 1086 . . Kills 2 | . . . . . . . . . . 2 . . Allies Corrupted . | . . . . . . . . . . . . . Allies Melted . | . . . . . . . . . . . . . Intel | -11 -10 -9 -8 -7 -7 -7 -6 -5 -4 -4 -3 -2 ------- Run | Scr Mat Mat Mat Fac Low Low Fac Fac Fac Ext Res Res Robot Analysis Total . | . . . . . . . . . . . . . Derelict Logs Recovered 3 | . . . . . 2 1 . . . . . . Drone Launches . | . . . . . . . . . . . . . Drone Recoveries . | . . . . . . . . . . . . . Exploration | -11 -10 -9 -8 -7 -7 -7 -6 -5 -4 -4 -3 -2 ------------- Run | Scr Mat Mat Mat Fac Low Low Fac Fac Fac Ext Res Res Turns Passed 9515 | . 129 343 369 913 1610 127 1384 1455 578 1059 1156 392 Spaces Moved 5883 | 1 91 157 192 524 963 82 600 812 357 556 832 716 Core 224 | . . . . . . . 103 . . . 43 78 Treads 2049 | . 10 157 192 524 963 82 121 . . . . . Legs 2572 | 1 81 . . . . . 339 812 357 556 426 . Wheels . | . . . . . . . . . . . . . Hover 7 | . . . . . . . 7 . . . . . Flight 1031 | . . . . . . . 30 . . . 363 638 Fastest Speed 40 | 120 120 160 160 150 152 150 111 120 120 120 40 40 Average Speed 126 | 120 124 160 160 154 152 151 179 120 122 142 94 41 Slowest Speed 650 | 120 160 160 160 180 152 152 650 150 150 150 180 50 Overloaded Moves . | . . . . . . . . . . . . . Propulsion Burnouts . | . . . . . . . . . . . . . Robots Hopped . | . . . . . . . . . . . . . Cave-ins Triggered . | . . . . . . . . . . . . . Exploration Rate (%) 27 | 2 28 19 25 18 97 7 19 21 11 42 32 34 Regions Visited 12 Branch Regions 3 Pre-discovered Areas 1 | . . . . . . 1 . . . . . . Known Exits Taken 11 | . 1 1 1 1 1 1 1 1 1 1 1 . Unknown Exits Taken 1 | 1 . . . . . . . . . . . . Scrap Searched 5 | . . . . . 4 1 . . . . . . Spaces Dug 9 | . . . . . . . . 1 . . 8 . Terrain Destroyed 194 | . . 2 . 1 7 . 127 14 7 12 24 . Melee 1 | . . . . . . . . . . . 1 . Projectile 63 | . . . . . . . 9 12 7 12 23 . AOE 130 | . . 2 . 1 7 . 118 2 . . . . Terrain Rammed . | . . . . . . . . . . . . . Walls Destroyed . | . . . . . . . . . . . . . Machines Disabled . | . . . . . . . . . . . . . Actions | -11 -10 -9 -8 -7 -7 -7 -6 -5 -4 -4 -3 -2 --------- Run | Scr Mat Mat Mat Fac Low Low Fac Fac Fac Ext Res Res Total 7239 | . 102 200 233 595 1042 84 767 1118 446 712 1126 814 Wait 672 | . . 9 14 15 24 . 32 167 31 53 229 98 Move 5871 | . 90 156 191 523 962 81 599 811 356 555 831 716 Hop . | . . . . . . . . . . . . . Pick Up 91 | . . 6 7 16 5 1 16 21 6 8 5 . Fast Attach 42 | . 1 . . 1 3 . 6 4 6 15 6 . Attach 52 | . . 2 2 9 1 . 14 13 3 6 2 . Detach 1 | . . . . . . . . . 1 . . . Swap 55 | . 4 3 3 6 6 1 7 8 7 7 3 . Drop 67 | . 4 . 5 9 6 1 8 11 7 6 10 . Fire 313 | . 3 24 11 16 30 . 68 39 29 59 34 . Melee 66 | . . . . . 5 . 11 44 . . 6 . Ram . | . . . . . . . . . . . . . Kick 1 | . . . . . . . 1 . . . . . Crush . | . . . . . . . . . . . . . Escape Stasis 8 | . . . . . . . 5 . . 3 . . Rewire . | . . . . . . . . . . . . . Trap . | . . . . . . . . . . . . . Miscellaneous . | . . . . . . . . . . . . . Route ------- -11/Scrapyard -10/Materials -9/Materials -8/Materials -7/Factory -7/Lower Caves -7/Lower Caves -6/Factory -5/Factory -4/Factory -4/Extension -3/Research -2/Research History --------- Turn | Location | Event 1 | -11/Scrapyard | Discovered new exit (range 0) 1 | -11/Scrapyard | Entered Materials 97 | -10/Materials | Discovered new exit (range 16) 128 | -10/Materials | Identified exit to Materials 130 | -10/Materials | Entered another Materials area 130 | -9/Materials | Evolved 2 slots: Utility x2 318 | -9/Materials | Build established: Mutant 462 | -9/Materials | Discovered new exit (range 7) 471 | -9/Materials | Identified exit to Materials 473 | -9/Materials | Entered another Materials area 473 | -8/Materials | Evolved 2 slots: Propulsion x2 727 | -8/Materials | Build established: Hacker-Mutant 808 | -8/Materials | Discovered new exit (range 12) 839 | -8/Materials | Identified exit to Factory 842 | -8/Materials | Entered Factory 842 | -7/Factory | Evolved 2 slots: Utility x2 1481 | -7/Factory | Lost 3 parts (1n2u) 1678 | -7/Factory | Discovered new exit (range 16) 1713 | -7/Factory | Identified exit to Lower Caves 1755 | -7/Factory | Entered Lower Caves 1872 | -7/Lower Caves | Build established: Scavenger-Mutant 2389 | -7/Lower Caves | Learned Factory security intel 2959 | -7/Lower Caves | Discovered new exit (range 9) 3018 | -7/Lower Caves | Learned Factory stockpile data 3364 | -7/Lower Caves | Identified exit to Lower Caves 3365 | -7/Lower Caves | Entered another Lower Caves area 3365 | -7/Lower Caves | Discovered new exit (range 20) 3376 | -7/Lower Caves | Learned location of Zion (-7) 3393 | -7/Lower Caves | Identified exit to Factory 3477 | -7/Lower Caves | Attracted the attention of an 0b10 outpost 3492 | -7/Lower Caves | Entered Factory 3492 | -6/Factory | Evolved 2 slots: Utility x2 3800 | -6/Factory | Lost 6 parts (1p3n1u1w) 3994 | -6/Factory | Build established: Hacker-Mutant 4000 | -6/Factory | Lost 3 parts (1p2w) 4645 | -6/Factory | Discovered new exit (range 15) 4661 | -6/Factory | Build established: Scavenger-Mutant 4712 | -6/Factory | Core integrity fell below 50% 4874 | -6/Factory | Identified exit to Factory 4876 | -6/Factory | Entered another Factory area 4876 | -5/Factory | Evolved 2 slots: Propulsion x1, Utility x1 5007 | -5/Factory | Lost 3 parts (2n1u) 5451 | -5/Factory | Fabricated Imp. Arc Projector? 5563 | -5/Factory | Garrison activated, responded to threat 5591 | -5/Factory | Build established: Scavenger-Skirmisher 6088 | -5/Factory | Discovered new exit (range 20) 6177 | -5/Factory | Identified exit to Factory 6283 | -5/Factory | Lost 5 parts (2n3u) 6331 | -5/Factory | Entered another Factory area 6331 | -4/Factory | Evolved 2 slots: Power x1, Utility x1 6539 | -4/Factory | Build established: Hacker-Mutant 6900 | -4/Factory | Discovered new exit (range 6) 6905 | -4/Factory | Identified exit to Extension 6909 | -4/Factory | Entered Extension 7123 | -4/Extension | Rescued a captive Derelict 7123 | -4/Extension | Rescued a captive Derelict 7157 | -4/Extension | Build established: Scavenger-Mutant 7209 | -4/Extension | Rescued a captive Derelict 7229 | -4/Extension | Rescued a captive Derelict 7270 | -4/Extension | Spotted B-86 Titan 7298 | -4/Extension | Spotted B-86 Titan 7346 | -4/Extension | Lost 5 parts (1p3n1u) 7823 | -4/Extension | Destroyed B-86 Titan 7839 | -4/Extension | Lost 3 parts (2n1w) 7917 | -4/Extension | Destroyed B-86 Titan 7963 | -4/Extension | Discovered new exit (range 3) 7965 | -4/Extension | Identified exit to Research 7968 | -4/Extension | Entered Research 7968 | -3/Research | Evolved 2 slots: Propulsion x1, Utility x1 8276 | -3/Research | Build established: Scavenger-Skirmisher 8852 | -3/Research | System corruption reached 10% 8907 | -3/Research | Lost 10 parts (1p5n3u1w) 9033 | -3/Research | Spotted B-86 Titan 9057 | -3/Research | Spotted B-86 Titan 9094 | -3/Research | Discovered new exit (range 3) 9095 | -3/Research | Core integrity fell below 50% 9123 | -3/Research | Identified exit to Research 9124 | -3/Research | Entered another Research area 9124 | -2/Research | Evolved 2 slots: Utility x1, Weapon x1 9142 | -2/Research | Build established: Hacker-Mutant 9468 | -2/Research | Spotted B-90 Cyclops 9490 | -2/Research | Core integrity fell below 50% 9512 | -2/Research | Core integrity fell below 20% 9516 | -2/Research | Destroyed by H-88 Terminator with KE Penetrator Last Messages --------------- 09334_ Connecting with Terminal... >>Layout(Zone) Retrieving Zone 2H layout... Downloaded map data. 09374_ ALERT: Rogue bot located, Programmers report to Research Zone 1K. 09430_ Slug penetrates Quantum Separator. 09433_ Penetrated by Slug. 09433_ Slug penetrates Wall. 09447_ W-44 Eye distress signal alerts nearby ally. 09468_ K-01 Serf cleans the Reaction Chamber. 09472_ Reaction Chamber disabled. 09474_ K-01 Serf collects debris. 09476_ Field Propulsion Drive destroyed. 09477_ K-01 Serf collects debris. 09486_ Slug penetrates Wall. 09487_ Penetrated by Slug. 09499_ Adv. Hacking Suite destroyed. 09508_ Slug penetrates Wall. 09516_ Imp. Hacking Suite destroyed. 09516_ Slug penetrates Wall. Map ----- +----------------------------------------------------+ | | | | | | | | | | | | | | | | | | | | | | | | | | | | | | | ?????????????????????????????????????????????????? | | ?????????????????????????????????????????????????? | | ?????????????????????????????????????????????????? | | ????????????????????????##########???????????????? | | ????????????????????????# #???????????????? | | ????????????????????????# ! #???????????????? | | ????????????????????????#! = #???????????????? | | ???????????###+########## #???????????????? | | ???????????# # #???????????????? | | ???????????# # s #???????????????? | | ???????????# #@ ss#########???????? | | ???######### ;p sssp/ss #???????? | | ???# # s ####### #???????? | | ???# #### t ################+#???????? | | ???# #??# ######## #???????? | | #### !![ #??# #! #???????? | | ![ #??# # #???????? | | ![ #??# # " "" #???????? | | #??# / "R"" #???????? | | #### #??# # """ #???????? | | ???# #??####+### # #???????? | | ???###+####### #???? ??# # #???????? | | ?????????????# #?? ??# ### #######???????? | | ?????????????# ## "??# #?###?????????????? | | ?????????##### ## """??# #?????????????????? | | ?????????# ## ! G??# #?????????????????? | | ?????????# ## """??# #?????????????????? | | ?????????# ## "??# #?????????????????? | | ?????????# ## ???# #?????????????????? | | ?????????# ## ???# #?????????????????? | | ?????????# ######????# #?????????????????? | | ?????????# ########### #?????????????????? | | ?????????# +?????????????????? | | ?????????# #?????????????????? | | ?????????# #?????????????????? | +----------------------------------------------------+ Best States ------------- Heat Dissipation 96 Energy Generation 37 Energy Capacity 370 Matter Stores 300 Matter Capacity 300 Sight Range 22 Robot Scan Range 16 Terrain Scan Range 18 Terrain Scan Density 110 Jamming Range 12 Cloak Strength 3 Armor Coverage 150 Resistance: KI 45 Resistance: TH 20 Resistance: EX 20 Resistance: EM 20 Resistance: I 20 Resistance: S 20 Resistance: P 20 Phase Shifting 10 Evasion (%) 62 Melee Accuracy 6 Target Analysis 8 Recoil Reduction 4 Kinecelleration 40 Offensive Hacking 36 Item Schematics ----------------- None Robot Schematics ------------------ None Fabricated ------------ Imp. Arc Projector | x1 | -5/Factory | Preloaded Alien Tech Used ----------------- None Achievements -------------- None Challenges ------------ None Game ------ Seed DeuteriumGammaScreen Manual? 0 Play Time 01:30:38 Cumulative 301.0 hours Start 2021.06.13 @ 20:05:10 End 2021.08.05 @ 01:08:56 Sessions 16 Manual Loads 0 Difficulty Adventurer Special Mode None Game No. 232 Rogue 195 Adventurer 37 Explorer 0 Win Type - Total 2 Types 1/0/0/1/0/0/0/0/0 Lore% 45 Gallery% 73 Achievement% 45 Wizard Run 0 Options --------- ASCII 0 Keyboard 0 Movement Mouse Keybinds 0 Fullscreen 1 Font 18/SmallcapsGlow Map View 76x50 Tactical HUD 1 Map Filters NONE Filters NONE Steam 1 RUN: dc648996-eed2-4fe6-8201-d8a5eaa56183